AoeStats
← aaa

MegaRandom

503612547Analyzed
1v1 RM · 1mo ago on Sep 1, 2026· 18m 5s· 2 players
Game mode
Random Map
Map size
Tiny (2 player)
Population
200
Speed
Normal
Resources
Standard
Victory
Conquest
Starting age
Dark Age
Ending age
Imperial Age
RankedLock teamsTeams togetherTeam positionsShared explorationLock speedFull tech treeHidden civsTurbo modeCheats
Victory
Defeat
🇺🇸 Romans · United States
694
+18
🇸🇰 Slavs · Slovakia
736
-43
Nburns
9:42 Loom
11:53 Feudal Age
12:37 Man-at-Arms
13:47 Scale Mail Armor
aaa
0:50 Loom
13:09 Feudal Age
13:40 Man-at-Arms
14:15 Town Watch
15:27 Wheelbarrow
Connection lost

Rejoining the realm…

Still unreachable

The connection could not be restored.

Session expired

The server has moved on; the page needs a fresh start.